[ PARTIDA AOE2 · #480659846 ]
Team RMBohemios vs Bohemians
[ ANÁLISIS DE REPETICIÓN · EXTRAÍDO DE LA PARTIDA GRABADA ]
Feudal
—
Castillos
—
Imperial
—
| APM promedio | 17.5 |
| APM pico | 53 |
| eAPM promedio | 11.7 |
| Aldeanos / militares | 70 / 207 |
Foco
⚔️ 39.6% · 🌾 60.4%
Spearman ×132 · Monk ×49 · Militia ×26 · Trade Cart ×9
Feudal
—
Castillos
—
Imperial
—
| APM promedio | 35.6 |
| APM pico | 90 |
| eAPM promedio | 26.7 |
| Aldeanos / militares | 133 / 354 |
Foco
⚔️ 44.8% · 🌾 55.2%
Janissary ×167 · Scout Cavalry ×165 · Bombard Cannon ×21 · Monk ×1
Feudal
—
Castillos
—
Imperial
—
| APM promedio | 43.0 |
| APM pico | 96 |
| eAPM promedio | 28.8 |
| Aldeanos / militares | 190 / 553 |
Foco
⚔️ 28.5% · 🌾 71.5%
Hand Cannoneer ×363 · Spearman ×120 · Bombard Cannon ×58 · Trade Cart ×19 · Skirmisher ×12
Feudal
—
Castillos
—
Imperial
—
| APM promedio | 51.3 |
| APM pico | 115 |
| eAPM promedio | 31.5 |
| Aldeanos / militares | 159 / 537 |
Foco
⚔️ 30.6% · 🌾 69.4%
Spearman ×418 · Iron Pagoda ×119 · Trade Cart ×29
Feudal
—
Castillos
—
Imperial
—
| APM promedio | 54.9 |
| APM pico | 254 |
| eAPM promedio | 52.6 |
| Aldeanos / militares | 241 / 592 |
Foco
⚔️ 22.1% · 🌾 77.9%
Spearman ×211 · Scorpion ×187 · Scout Cavalry ×84 · Militia ×54 · Skirmisher ×52 · Battering Ram ×4
Feudal
—
Castillos
—
Imperial
—
| APM promedio | 22.0 |
| APM pico | 86 |
| eAPM promedio | 11.9 |
| Aldeanos / militares | 71 / 6 |
Foco
⚔️ 6.8% · 🌾 93.2%
Militia ×6
Feudal
—
Castillos
—
Imperial
—
| APM promedio | 39.0 |
| APM pico | 328 |
| eAPM promedio | 30.9 |
| Aldeanos / militares | 149 / 144 |
Foco
⚔️ 26.7% · 🌾 73.3%
Ballista Elephant ×83 · Spearman ×61 · Trade Cart ×17
Feudal
—
Castillos
—
Imperial
—
| APM promedio | 9.3 |
| APM pico | 53 |
| eAPM promedio | 5.4 |
| Aldeanos / militares | 84 / 2 |
Foco
⚔️ 4.5% · 🌾 95.5%
Monk ×2
Mapa de la partida
Recursos al inicio + cada clic de construcción. Línea gruesa = muro · recuadro discontinuo = muro de casas detectado. 🟡 oro · ⚪ piedra · 🟢 bayas · 🔶 jabalí · ⭕ reliquia
Inputs por minuto
— lajay - - 2487664814
Build order — lajay
Primeras 150 de 297 acciones detectadas
| 0:16 | Crear | Villager (Male) ×4 |
| 0:19 | Construir | House |
| 0:21 | Construir | House |
| 0:59 | Investigar | Loom |
| 1:01 | Crear | Villager (Male) |
| 1:01 | Crear | Villager (Male) |
| 1:01 | Crear | Villager (Male) |
| 2:06 | Crear | Villager (Male) |
| 2:06 | Crear | Villager (Male) |
| 3:58 | Construir | Palisade Wall |
| 4:11 | Crear | Villager (Male) ×4 |
| 4:27 | Construir | Palisade Wall |
| 4:47 | Crear | Villager (Male) |
| 4:47 | Crear | Villager (Male) |
| 5:06 | Construir | Palisade Wall |
| 5:11 | Crear | Villager (Male) |
| 5:12 | Crear | Villager (Male) |
| 5:43 | Construir | House |
| 6:25 | Construir | House |
| 6:30 | Construir | Palisade Wall |
| 6:42 | Construir | Palisade Wall |
| 6:54 | Crear | Villager (Male) |
| 6:54 | Crear | Villager (Male) |
| 6:55 | Crear | Villager (Male) |
| 6:55 | Crear | Villager (Male) |
| 6:55 | Crear | Villager (Male) |
| 7:23 | Construir | Palisade Wall |
| 7:31 | Construir | Palisade Wall |
| 7:33 | Crear | Villager (Male) |
| 7:33 | Crear | Villager (Male) |
| 8:26 | Construir | Lumber Camp |
| 8:54 | Crear | Villager (Male) |
| 8:54 | Crear | Villager (Male) |
| 9:20 | Construir | House |
| 9:22 | Construir | House |
| 9:31 | Construir | House |
| 9:33 | Construir | House |
| 9:42 | Construir | House |
| 9:44 | Crear | Villager (Male) |
| 9:45 | Crear | Villager (Male) |
| 9:45 | Crear | Villager (Male) |
| 10:03 | Construir | Mill |
| 10:08 | Crear | Villager (Male) |
| 10:08 | Crear | Villager (Male) |
| 10:08 | Crear | Villager (Male) |
| 10:41 | Construir | Palisade Wall |
| 11:22 | Crear | Villager (Male) |
| 11:22 | Crear | Villager (Male) |
| 11:22 | Crear | Villager (Male) |
| 11:32 | Construir | Barracks |
| 11:57 | Construir | Palisade Wall |
| 12:06 | Construir | Palisade Wall |
| 12:36 | Crear | Villager (Male) |
| 12:37 | Crear | Villager (Male) |
| 13:47 | Construir | Mining Camp |
| 13:50 | Investigar | Feudal Age |
| 14:09 | Construir | Mill |
| 14:48 | Construir | Farm |
| 14:49 | Construir | Farm |
| 14:50 | Construir | Farm |
| 14:51 | Construir | Farm |
| 14:52 | Construir | Farm |
| 15:55 | Crear | Villager (Male) |
| 15:55 | Crear | Villager (Male) |
| 15:56 | Crear | Villager (Male) |
| 16:09 | Construir | Mining Camp |
| 16:21 | Construir | Barracks |
| 16:24 | Construir | Barracks |
| 16:31 | Investigar | Double-Bit Axe |
| 17:02 | Construir | Market |
| 17:35 | Construir | Blacksmith |
| 17:55 | Crear | Villager (Male) |
| 17:55 | Crear | Villager (Male) |
| 17:55 | Crear | Villager (Male) |
| 17:56 | Crear | Villager (Male) |
| 18:33 | Investigar | Man-at-Arms (upgrade) |
| 18:49 | Construir | Barracks |
| 18:52 | Construir | Barracks |
| 18:55 | Crear | Villager (Male) |
| 18:55 | Crear | Villager (Male) |
| 19:06 | Investigar | Horse Collar |
| 19:15 | Construir | Farm |
| 19:24 | Construir | Farm |
| 19:24 | Construir | Farm |
| 19:26 | Construir | Farm |
| 19:33 | Construir | Farm |
| 19:33 | Construir | Farm |
| 19:35 | Construir | Farm |
| 19:44 | Crear | Villager (Male) |
| 19:44 | Crear | Villager (Male) |
| 19:45 | Crear | Villager (Male) |
| 19:58 | Crear | Militia |
| 19:58 | Crear | Militia |
| 19:59 | Crear | Militia |
| 19:59 | Crear | Militia |
| 19:59 | Crear | Militia |
| 19:59 | Crear | Militia |
| 20:00 | Crear | Militia |
| 20:00 | Crear | Militia |
| 20:00 | Crear | Militia |
| 20:01 | Crear | Militia |
| 20:08 | Construir | House |
| 20:11 | Construir | House |
| 20:12 | Construir | House |
| 20:13 | Construir | House |
| 21:45 | Crear | Militia |
| 21:45 | Crear | Militia |
| 21:46 | Crear | Militia |
| 21:46 | Crear | Militia |
| 21:46 | Crear | Militia |
| 21:46 | Crear | Militia |
| 22:11 | Investigar | Forging |
| 22:11 | Investigar | Scale Mail Armor |
| 22:15 | Crear | Militia |
| 22:16 | Crear | Militia |
| 22:19 | Crear | Spearman |
| 22:19 | Crear | Spearman |
| 22:19 | Crear | Spearman |
| 22:33 | Construir | Farm |
| 22:35 | Construir | Farm |
| 22:36 | Construir | Farm |
| 22:37 | Construir | Farm |
| 22:38 | Construir | Farm |
| 22:54 | Construir | Lumber Camp |
| 24:13 | Crear | Militia |
| 24:13 | Crear | Militia |
| 24:14 | Crear | Militia |
| 25:00 | Crear | Militia |
| 25:00 | Crear | Militia |
| 25:00 | Crear | Militia |
| 25:00 | Crear | Militia |
| 25:01 | Crear | Militia |
| 25:02 | Investigar | Arson |
| 25:16 | Construir | House |
| 25:17 | Construir | House |
| 25:17 | Construir | House |
| 25:17 | Construir | House |
| 25:17 | Construir | House |
| 25:18 | Construir | House |
| 25:18 | Construir | House |
| 25:18 | Construir | House |
| 25:19 | Construir | House |
| 25:26 | Investigar | Wheelbarrow |
| 26:25 | Investigar | Town Watch |
| 27:10 | Crear | Villager (Male) |
| 27:10 | Crear | Villager (Male) |
| 27:10 | Crear | Villager (Male) |
| 27:11 | Crear | Villager (Male) |
| 27:11 | Crear | Villager (Male) |
| 27:11 | Crear | Villager (Male) |
Build order — 2487664814
Primeras 150 de 668 acciones detectadas
| 0:01 | Crear | Villager (Male) |
| 0:02 | Crear | Villager (Male) |
| 0:07 | Construir | House |
| 0:39 | Construir | House |
| 0:51 | Crear | Villager (Male) |
| 0:51 | Crear | Villager (Male) |
| 1:50 | Crear | Villager (Male) |
| 1:50 | Crear | Villager (Male) |
| 1:52 | Investigar | Loom |
| 2:20 | Crear | Villager (Male) |
| 2:51 | Crear | Villager (Male) |
| 2:51 | Crear | Villager (Male) |
| 3:11 | Crear | Villager (Male) |
| 3:11 | Crear | Villager (Male) |
| 3:43 | Construir | House |
| 3:59 | Crear | Villager (Male) |
| 3:59 | Crear | Villager (Male) |
| 4:06 | Construir | Lumber Camp |
| 4:14 | Construir | House |
| 4:18 | Crear | Villager (Male) |
| 4:18 | Crear | Villager (Male) |
| 5:17 | Crear | Villager (Male) |
| 5:17 | Crear | Villager (Male) |
| 5:32 | Crear | Villager (Male) |
| 5:33 | Crear | Villager (Male) |
| 6:14 | Crear | Villager (Male) |
| 6:14 | Crear | Villager (Male) |
| 6:30 | Crear | Villager (Male) |
| 6:30 | Crear | Villager (Male) |
| 6:51 | Crear | Villager (Male) |
| 6:52 | Crear | Villager (Male) |
| 7:06 | Construir | House |
| 7:07 | Construir | House |
| 7:15 | Crear | Villager (Male) |
| 7:29 | Crear | Villager (Male) |
| 7:29 | Crear | Villager (Male) |
| 7:42 | Crear | Villager (Male) |
| 7:42 | Crear | Villager (Male) |
| 8:40 | Construir | Mill |
| 8:53 | Crear | Villager (Male) |
| 8:53 | Crear | Villager (Male) |
| 8:54 | Crear | Villager (Male) |
| 8:54 | Crear | Villager (Male) |
| 8:54 | Crear | Villager (Male) |
| 8:54 | Crear | Villager (Male) |
| 8:55 | Crear | Villager (Male) |
| 8:55 | Crear | Villager (Male) |
| 9:12 | Crear | Villager (Male) |
| 9:50 | Crear | Villager (Male) |
| 10:15 | Crear | Villager (Male) |
| 10:16 | Crear | Villager (Male) |
| 10:16 | Crear | Villager (Male) |
| 10:17 | Crear | Villager (Male) |
| 10:26 | Investigar | Feudal Age |
| 10:36 | Construir | Farm |
| 10:37 | Construir | Farm |
| 10:48 | Construir | Farm |
| 10:50 | Construir | Farm |
| 10:51 | Construir | Farm |
| 11:18 | Construir | Mining Camp |
| 11:41 | Construir | Mining Camp |
| 12:39 | Crear | Villager (Male) |
| 12:39 | Crear | Villager (Male) |
| 12:40 | Crear | Villager (Male) |
| 12:40 | Crear | Villager (Male) |
| 12:59 | Construir | Barracks |
| 13:07 | Investigar | Double-Bit Axe |
| 13:10 | Investigar | Horse Collar |
| 14:24 | Crear | Villager (Male) |
| 14:24 | Crear | Villager (Male) |
| 14:32 | Investigar | Stone Mining |
| 14:39 | Construir | Stable |
| 15:08 | Construir | House |
| 15:09 | Construir | House |
| 15:35 | Construir | Farm |
| 15:36 | Construir | Farm |
| 15:38 | Construir | Farm |
| 15:46 | Construir | Blacksmith |
| 15:58 | Crear | Villager (Male) |
| 15:59 | Crear | Villager (Male) |
| 16:39 | Investigar | Castle Age |
| 16:48 | Construir | Stable |
| 17:06 | Construir | Stone Wall |
| 17:43 | Investigar | Wheelbarrow |
| 19:15 | Construir | House |
| 19:43 | Construir | Town Center |
| 19:59 | Construir | Town Center |
| 20:04 | Investigar | Bow Saw |
| 20:06 | Investigar | Heavy Plow |
| 20:06 | Investigar | Heavy Plow |
| 21:13 | Crear | Villager (Male) |
| 21:13 | Crear | Villager (Male) |
| 21:14 | Crear | Villager (Male) |
| 21:15 | Crear | Villager (Male) |
| 21:35 | Construir | Town Center |
| 21:39 | Crear | Villager (Male) |
| 21:40 | Crear | Villager (Male) |
| 21:41 | Crear | Villager (Male) |
| 21:41 | Crear | Villager (Male) |
| 21:42 | Crear | Villager (Male) |
| 22:09 | Construir | House |
| 22:10 | Construir | House |
| 22:11 | Construir | House |
| 22:16 | Crear | Villager (Male) |
| 22:16 | Crear | Villager (Male) |
| 22:17 | Crear | Villager (Male) |
| 22:17 | Crear | Villager (Male) |
| 22:36 | Construir | Farm |
| 22:37 | Construir | Farm |
| 22:38 | Construir | Farm |
| 22:40 | Construir | Farm |
| 22:42 | Construir | Farm |
| 22:43 | Construir | Farm |
| 22:44 | Construir | Farm |
| 22:48 | Crear | Villager (Male) |
| 23:04 | Construir | Stone Wall |
| 23:08 | Construir | Stone Wall |
| 23:15 | Construir | Stone Wall |
| 23:25 | Construir | Building 490 |
| 23:33 | Crear | Villager (Male) |
| 23:33 | Crear | Villager (Male) |
| 23:34 | Crear | Villager (Male) |
| 23:35 | Crear | Villager (Male) |
| 23:41 | Construir | Town Center |
| 23:50 | Crear | Villager (Male) |
| 23:58 | Construir | Farm |
| 23:59 | Construir | Farm |
| 24:00 | Construir | Farm |
| 24:01 | Construir | Farm |
| 24:03 | Construir | Farm |
| 24:14 | Crear | Villager (Male) |
| 24:14 | Crear | Villager (Male) |
| 24:25 | Construir | House |
| 24:26 | Construir | House |
| 24:27 | Construir | House |
| 24:28 | Construir | House |
| 24:29 | Construir | House |
| 24:39 | Construir | Farm |
| 24:40 | Construir | Farm |
| 24:43 | Construir | Farm |
| 24:44 | Construir | Farm |
| 24:45 | Construir | Farm |
| 24:46 | Construir | Farm |
| 24:49 | Crear | Villager (Male) |
| 24:49 | Crear | Villager (Male) |
| 24:54 | Investigar | Gold Mining |
| 25:11 | Construir | Farm |
| 25:12 | Construir | Farm |
| 25:13 | Construir | Farm |
| 25:15 | Construir | Farm |
Build order — roni105
Primeras 150 de 620 acciones detectadas
| 0:06 | Construir | House |
| 0:07 | Construir | House |
| 0:08 | Crear | Villager (Male) ×4 |
| 1:31 | Crear | Villager (Male) |
| 1:31 | Crear | Villager (Male) |
| 1:56 | Crear | Villager (Male) |
| 1:56 | Crear | Villager (Male) |
| 2:23 | Construir | Lumber Camp |
| 2:28 | Crear | Villager (Male) |
| 2:32 | Crear | Villager (Male) |
| 2:56 | Crear | Villager (Male) |
| 3:19 | Crear | Villager (Male) |
| 3:25 | Construir | House |
| 3:42 | Crear | Villager (Male) |
| 3:55 | Crear | Villager (Male) |
| 3:55 | Crear | Villager (Male) |
| 4:15 | Crear | Villager (Male) |
| 4:46 | Crear | Villager (Male) |
| 4:49 | Construir | Mill |
| 4:58 | Crear | Villager (Male) |
| 4:59 | Crear | Villager (Male) |
| 5:02 | Construir | House |
| 5:40 | Crear | Villager (Male) |
| 5:54 | Crear | Villager (Male) |
| 5:55 | Crear | Villager (Male) |
| 6:03 | Construir | House |
| 6:11 | Construir | Farm |
| 6:21 | Crear | Villager (Male) |
| 6:21 | Crear | Villager (Male) |
| 6:23 | Crear | Villager (Male) |
| 6:24 | Crear | Villager (Male) |
| 6:47 | Crear | Villager (Male) |
| 6:48 | Crear | Villager (Male) |
| 6:48 | Crear | Villager (Male) |
| 6:57 | Crear | Villager (Male) |
| 7:28 | Crear | Villager (Male) |
| 7:30 | Construir | Lumber Camp |
| 7:34 | Crear | Villager (Male) |
| 7:38 | Crear | Villager (Male) |
| 7:44 | Crear | Villager (Male) |
| 7:44 | Crear | Villager (Male) |
| 8:01 | Crear | Villager (Male) |
| 8:26 | Crear | Villager (Male) |
| 8:55 | Construir | Farm |
| 8:58 | Construir | Mining Camp |
| 9:01 | Construir | Farm |
| 9:41 | Investigar | Feudal Age |
| 9:48 | Construir | Mining Camp |
| 10:39 | Crear | Villager (Male) |
| 10:40 | Crear | Villager (Male) |
| 10:45 | Construir | House |
| 11:20 | Construir | Farm |
| 11:30 | Construir | Farm |
| 12:24 | Construir | Market |
| 12:31 | Construir | Blacksmith |
| 12:36 | Construir | Blacksmith |
| 13:12 | Investigar | Castle Age |
| 13:12 | Investigar | Castle Age |
| 13:17 | Construir | Farm |
| 13:41 | Investigar | Double-Bit Axe |
| 14:00 | Construir | Stone Wall |
| 14:09 | Investigar | Loom |
| 14:09 | Crear | Villager (Male) |
| 14:23 | Construir | Farm |
| 16:02 | Construir | Town Center |
| 16:08 | Construir | Town Center |
| 16:31 | Construir | Stone Wall |
| 16:50 | Investigar | Wheelbarrow |
| 16:55 | Crear | Villager (Male) |
| 16:59 | Crear | Trade Cart |
| 17:08 | Construir | Farm |
| 17:12 | Crear | Villager (Male) |
| 17:15 | Crear | Villager (Male) |
| 17:15 | Crear | Villager (Male) |
| 17:20 | Construir | Farm |
| 17:24 | Construir | House |
| 17:24 | Construir | House |
| 17:25 | Construir | House |
| 17:27 | Construir | House |
| 17:28 | Construir | House |
| 17:29 | Construir | House |
| 17:29 | Construir | House |
| 17:52 | Crear | Villager (Male) |
| 17:52 | Crear | Villager (Male) |
| 17:56 | Construir | Farm |
| 18:14 | Crear | Villager (Male) |
| 18:15 | Crear | Villager (Male) |
| 18:19 | Construir | Farm |
| 18:43 | Crear | Villager (Male) |
| 18:43 | Crear | Villager (Male) |
| 18:49 | Construir | Town Center |
| 18:51 | Crear | Villager (Male) |
| 19:08 | Crear | Villager (Male) |
| 19:09 | Crear | Villager (Male) |
| 19:11 | Crear | Villager (Male) |
| 19:11 | Crear | Villager (Male) |
| 19:13 | Construir | Farm |
| 19:16 | Construir | Farm |
| 19:19 | Construir | Farm |
| 19:24 | Construir | Farm |
| 19:27 | Construir | Farm |
| 19:31 | Crear | Villager (Male) |
| 19:31 | Crear | Villager (Male) |
| 19:31 | Crear | Villager (Male) |
| 19:34 | Construir | Farm |
| 19:43 | Investigar | Horse Collar |
| 19:53 | Crear | Villager (Male) |
| 19:53 | Crear | Villager (Male) |
| 19:59 | Construir | Farm |
| 20:02 | Construir | House |
| 20:03 | Construir | House |
| 20:04 | Construir | House |
| 20:05 | Construir | House |
| 20:06 | Construir | House |
| 20:13 | Crear | Villager (Male) |
| 20:14 | Crear | Villager (Male) |
| 20:19 | Construir | Farm |
| 20:23 | Crear | Villager (Male) |
| 20:23 | Crear | Villager (Male) |
| 20:23 | Crear | Villager (Male) |
| 20:25 | Construir | Farm |
| 20:25 | Crear | Villager (Male) |
| 20:26 | Crear | Villager (Male) |
| 20:39 | Crear | Villager (Male) |
| 20:45 | Crear | Villager (Male) |
| 20:45 | Crear | Villager (Male) |
| 20:45 | Crear | Villager (Male) |
| 20:56 | Construir | Building 673 |
| 21:17 | Construir | Stone Wall |
| 21:25 | Crear | Villager (Male) |
| 21:25 | Crear | Villager (Male) |
| 21:25 | Crear | Villager (Male) |
| 21:26 | Crear | Villager (Male) |
| 21:38 | Construir | Palisade Wall |
| 21:44 | Construir | Palisade Wall |
| 21:44 | Construir | Palisade Wall |
| 21:46 | Construir | Palisade Wall |
| 21:47 | Construir | Palisade Wall |
| 21:48 | Construir | Palisade Wall |
| 21:52 | Construir | Palisade Wall |
| 21:53 | Construir | Palisade Wall |
| 21:54 | Construir | Palisade Wall |
| 22:03 | Construir | Stone Wall |
| 22:33 | Investigar | Hand Cart |
| 22:35 | Investigar | Town Watch |
| 22:35 | Crear | Villager (Male) |
| 22:35 | Crear | Villager (Male) |
| 22:36 | Crear | Villager (Male) |
| 22:36 | Crear | Villager (Male) |
| 22:36 | Crear | Villager (Male) |
Build order — Wind
Primeras 150 de 622 acciones detectadas
| 0:03 | Construir | House |
| 0:05 | Construir | House |
| 0:16 | Crear | Villager (Male) |
| 0:16 | Crear | Villager (Male) |
| 0:17 | Crear | Villager (Male) |
| 0:17 | Crear | Villager (Male) |
| 1:55 | Crear | Villager (Male) |
| 1:55 | Crear | Villager (Male) |
| 2:20 | Crear | Villager (Male) |
| 2:23 | Construir | Lumber Camp |
| 2:29 | Crear | Villager (Male) |
| 2:29 | Crear | Villager (Male) |
| 3:00 | Crear | Villager (Male) |
| 3:00 | Crear | Villager (Male) |
| 3:18 | Construir | House |
| 3:20 | Construir | House |
| 3:21 | Construir | House |
| 3:22 | Crear | Villager (Male) |
| 3:23 | Crear | Villager (Male) |
| 3:54 | Crear | Villager (Male) |
| 4:06 | Crear | Villager (Male) |
| 4:06 | Crear | Villager (Male) |
| 4:24 | Construir | House |
| 4:26 | Construir | House |
| 5:01 | Crear | Villager (Male) |
| 5:01 | Crear | Villager (Male) |
| 5:01 | Crear | Villager (Male) |
| 5:25 | Construir | Mill |
| 5:36 | Crear | Villager (Male) |
| 5:36 | Crear | Villager (Male) |
| 6:42 | Crear | Villager (Male) |
| 6:43 | Crear | Villager (Male) |
| 6:59 | Crear | Villager (Male) |
| 6:59 | Crear | Villager (Male) |
| 7:08 | Crear | Villager (Male) |
| 7:09 | Crear | Villager (Male) |
| 7:26 | Construir | Farm |
| 8:32 | Construir | Mining Camp |
| 8:50 | Investigar | Feudal Age |
| 9:47 | Crear | Villager (Male) |
| 10:35 | Crear | Villager (Male) |
| 11:23 | Construir | Market |
| 11:27 | Construir | Blacksmith |
| 12:21 | Investigar | Castle Age |
| 12:21 | Investigar | Castle Age |
| 12:21 | Investigar | Castle Age |
| 14:12 | Investigar | Double-Bit Axe |
| 14:14 | Investigar | Horse Collar |
| 14:57 | Crear | Villager (Male) |
| 14:58 | Crear | Villager (Male) |
| 15:16 | Construir | Town Center |
| 15:18 | Crear | Villager (Male) |
| 15:28 | Construir | Town Center |
| 15:33 | Construir | Farm |
| 15:36 | Construir | Farm |
| 15:38 | Construir | Farm |
| 15:43 | Construir | Farm |
| 15:48 | Construir | Farm |
| 15:50 | Crear | Villager (Male) |
| 16:10 | Construir | Farm |
| 16:15 | Crear | Villager (Male) |
| 16:24 | Construir | Farm |
| 16:34 | Crear | Villager (Male) |
| 16:41 | Crear | Villager (Male) |
| 16:52 | Construir | Farm |
| 17:06 | Construir | Farm |
| 17:07 | Crear | Villager (Male) |
| 17:13 | Construir | Farm |
| 17:22 | Investigar | Loom |
| 17:29 | Crear | Villager (Male) |
| 17:32 | Crear | Villager (Male) |
| 17:35 | Construir | Farm |
| 17:38 | Construir | Farm |
| 17:42 | Construir | Farm |
| 17:48 | Crear | Villager (Male) |
| 17:49 | Crear | Villager (Male) |
| 17:49 | Crear | Villager (Male) |
| 17:52 | Crear | Villager (Male) |
| 17:58 | Construir | Farm |
| 18:01 | Construir | Farm |
| 18:06 | Construir | Farm |
| 18:17 | Crear | Villager (Male) |
| 18:20 | Construir | House |
| 18:21 | Construir | House |
| 18:27 | Crear | Villager (Male) |
| 18:28 | Crear | Villager (Male) |
| 18:28 | Crear | Villager (Male) |
| 18:40 | Construir | Farm |
| 18:44 | Crear | Villager (Male) |
| 18:58 | Crear | Villager (Male) |
| 19:01 | Crear | Villager (Male) |
| 19:03 | Crear | Villager (Male) |
| 19:05 | Construir | Farm |
| 19:11 | Construir | Farm |
| 19:14 | Construir | Farm |
| 19:19 | Construir | House |
| 19:21 | Construir | House |
| 19:21 | Construir | House |
| 19:23 | Crear | Villager (Male) |
| 19:24 | Crear | Villager (Male) |
| 19:24 | Crear | Villager (Male) |
| 19:30 | Construir | Farm |
| 19:32 | Construir | Farm |
| 19:37 | Crear | Villager (Male) |
| 19:43 | Crear | Villager (Male) |
| 19:55 | Construir | Farm |
| 19:58 | Construir | Farm |
| 20:09 | Crear | Villager (Male) |
| 20:09 | Crear | Villager (Male) |
| 20:10 | Crear | Villager (Male) |
| 20:33 | Construir | Town Center |
| 20:34 | Crear | Villager (Male) |
| 20:35 | Crear | Villager (Male) |
| 20:35 | Crear | Villager (Male) |
| 20:35 | Crear | Villager (Male) |
| 20:42 | Construir | Mill |
| 20:43 | Construir | Farm |
| 20:45 | Crear | Villager (Male) |
| 20:53 | Crear | Villager (Male) |
| 20:53 | Crear | Villager (Male) |
| 21:03 | Construir | Farm |
| 21:05 | Construir | Farm |
| 21:10 | Investigar | Wheelbarrow |
| 21:14 | Crear | Villager (Male) |
| 21:20 | Construir | Farm |
| 21:23 | Crear | Villager (Male) |
| 21:29 | Crear | Villager (Male) |
| 21:34 | Construir | House |
| 21:38 | Construir | House |
| 21:40 | Construir | House |
| 21:41 | Construir | House |
| 21:53 | Crear | Villager (Male) |
| 22:14 | Construir | Town Center |
| 22:15 | Crear | Villager (Male) |
| 22:16 | Crear | Villager (Male) |
| 22:16 | Crear | Villager (Male) |
| 22:16 | Crear | Villager (Male) |
| 22:16 | Crear | Villager (Male) |
| 22:20 | Construir | Farm |
| 22:22 | Construir | Farm |
| 22:25 | Investigar | Bow Saw |
| 22:33 | Investigar | Heavy Plow |
| 22:34 | Investigar | Heavy Plow |
| 22:40 | Crear | Villager (Male) |
| 22:44 | Crear | Villager (Male) |
| 22:44 | Crear | Villager (Male) |
| 22:59 | Construir | Farm |
| 23:03 | Crear | Villager (Male) |
| 23:12 | Crear | Villager (Male) |
| 23:12 | Crear | Villager (Male) |
Build order — CorpOSK
Primeras 150 de 880 acciones detectadas
| 0:04 | Crear | Villager (Male) ×4 |
| 0:08 | Construir | House |
| 0:11 | Construir | House |
| 1:49 | Crear | Villager (Male) |
| 1:50 | Crear | Villager (Male) |
| 1:53 | Construir | Lumber Camp |
| 2:08 | Crear | Villager (Male) |
| 2:49 | Crear | Villager (Male) |
| 2:49 | Crear | Villager (Male) |
| 2:54 | Investigar | Loom |
| 3:15 | Construir | House |
| 3:42 | Crear | Villager (Male) |
| 3:42 | Crear | Villager (Male) |
| 4:01 | Crear | Villager (Male) |
| 4:01 | Crear | Villager (Male) |
| 4:22 | Crear | Villager (Male) |
| 4:22 | Crear | Villager (Male) |
| 4:41 | Crear | Villager (Male) |
| 4:41 | Crear | Villager (Male) |
| 5:18 | Construir | Mill |
| 5:30 | Crear | Villager (Male) |
| 5:30 | Crear | Villager (Male) |
| 6:21 | Crear | Villager (Male) |
| 6:21 | Crear | Villager (Male) |
| 6:36 | Crear | Villager (Male) |
| 6:36 | Crear | Villager (Male) |
| 6:55 | Crear | Villager (Male) |
| 6:55 | Crear | Villager (Male) |
| 7:15 | Crear | Villager (Male) |
| 7:15 | Crear | Villager (Male) |
| 7:19 | Construir | House |
| 7:46 | Crear | Villager (Male) |
| 7:47 | Crear | Villager (Male) |
| 7:54 | Crear | Villager (Male) ×3 |
| 7:55 | Crear | Villager (Male) |
| 8:34 | Construir | Mill |
| 9:10 | Crear | Villager (Male) ×4 |
| 9:10 | Crear | Villager (Male) |
| 9:22 | Construir | House |
| 10:24 | Investigar | Feudal Age |
| 10:31 | Construir | Farm |
| 10:31 | Construir | Farm |
| 10:32 | Construir | Farm |
| 10:32 | Construir | Farm |
| 11:01 | Construir | Mining Camp |
| 11:33 | Crear | Villager (Male) |
| 11:33 | Crear | Villager (Male) |
| 11:33 | Crear | Villager (Male) |
| 12:48 | Construir | Farm |
| 12:48 | Construir | Farm |
| 13:11 | Construir | Blacksmith |
| 13:15 | Construir | House |
| 13:19 | Crear | Villager (Male) ×12 |
| 13:19 | Crear | Villager (Male) |
| 13:45 | Construir | Market |
| 13:48 | Crear | Villager (Male) |
| 14:03 | Construir | House |
| 14:11 | Investigar | Double-Bit Axe |
| 14:24 | Crear | Villager (Male) |
| 14:36 | Investigar | Horse Collar |
| 14:56 | Construir | Lumber Camp |
| 15:07 | Investigar | Castle Age |
| 15:39 | Construir | Farm |
| 15:48 | Construir | Farm |
| 16:01 | Crear | Villager (Male) |
| 16:02 | Crear | Villager (Male) |
| 16:35 | Construir | Lumber Camp |
| 17:50 | Crear | Villager (Male) |
| 17:51 | Crear | Villager (Male) |
| 18:13 | Construir | Town Center |
| 18:30 | Crear | Villager (Male) |
| 18:41 | Construir | Town Center |
| 19:31 | Construir | Town Center |
| 19:38 | Crear | Villager (Male) |
| 19:38 | Crear | Villager (Male) |
| 19:38 | Crear | Villager (Male) |
| 20:15 | Crear | Villager (Male) ×15 |
| 20:15 | Crear | Villager (Male) |
| 20:22 | Construir | Lumber Camp |
| 20:47 | Construir | House |
| 20:48 | Construir | House |
| 21:20 | Construir | Town Center |
| 21:29 | Crear | Villager (Male) |
| 21:29 | Crear | Villager (Male) |
| 21:29 | Crear | Villager (Male) |
| 21:30 | Crear | Villager (Male) |
| 21:31 | Crear | Villager (Male) |
| 21:54 | Construir | Town Center |
| 21:58 | Crear | Villager (Male) ×4 |
| 21:58 | Crear | Villager (Male) |
| 22:05 | Crear | Villager (Male) ×6 |
| 22:05 | Crear | Villager (Male) |
| 22:16 | Construir | Farm |
| 22:17 | Construir | Farm |
| 22:17 | Construir | Farm |
| 22:17 | Construir | Farm |
| 22:17 | Construir | Farm |
| 22:18 | Construir | Farm |
| 22:18 | Construir | Farm |
| 22:19 | Construir | Farm |
| 22:19 | Construir | Farm |
| 22:19 | Construir | Farm |
| 22:19 | Construir | Farm |
| 22:31 | Crear | Villager (Male) |
| 22:31 | Crear | Villager (Male) |
| 22:46 | Crear | Villager (Male) |
| 22:46 | Crear | Villager (Male) |
| 23:10 | Crear | Villager (Male) |
| 23:14 | Construir | Farm |
| 23:14 | Construir | Farm |
| 23:14 | Construir | Farm |
| 23:14 | Construir | Farm |
| 23:15 | Construir | Farm |
| 23:15 | Construir | Farm |
| 23:19 | Crear | Villager (Male) |
| 23:19 | Crear | Villager (Male) |
| 23:24 | Construir | Farm |
| 23:24 | Construir | Farm |
| 23:24 | Construir | Farm |
| 23:25 | Construir | Farm |
| 23:25 | Construir | Farm |
| 23:25 | Construir | Farm |
| 23:25 | Construir | Farm |
| 23:31 | Crear | Villager (Male) |
| 23:32 | Crear | Villager (Male) |
| 23:43 | Crear | Villager (Male) ×2 |
| 23:43 | Crear | Villager (Male) |
| 23:54 | Construir | Farm |
| 23:54 | Construir | Farm |
| 23:54 | Construir | Farm |
| 23:54 | Construir | Farm |
| 23:55 | Construir | Farm |
| 23:55 | Construir | Farm |
| 23:58 | Crear | Villager (Male) ×2 |
| 23:58 | Crear | Villager (Male) |
| 24:09 | Construir | Farm |
| 24:09 | Construir | Farm |
| 24:10 | Construir | Farm |
| 24:10 | Construir | Farm |
| 24:10 | Construir | Farm |
| 24:21 | Crear | Villager (Male) ×2 |
| 24:21 | Crear | Villager (Male) |
| 24:27 | Crear | Villager (Male) |
| 24:28 | Crear | Villager (Male) ×2 |
| 24:28 | Crear | Villager (Male) |
| 24:32 | Construir | House |
| 24:33 | Construir | House |
| 24:34 | Construir | House |
| 24:36 | Construir | House |
| 24:37 | Construir | House |
Build order — Souzirou
149 acciones detectadas en el replay
| 0:01 | Crear | Villager (Male) |
| 0:01 | Crear | Villager (Male) |
| 0:02 | Crear | Villager (Male) |
| 0:02 | Crear | Villager (Male) |
| 0:02 | Crear | Villager (Male) |
| 0:04 | Construir | House |
| 0:05 | Construir | House |
| 1:27 | Crear | Villager (Male) |
| 1:27 | Crear | Villager (Male) |
| 1:28 | Investigar | Loom |
| 2:08 | Crear | Villager (Male) |
| 2:08 | Crear | Villager (Male) |
| 2:15 | Construir | Lumber Camp |
| 2:27 | Crear | Villager (Male) |
| 2:27 | Crear | Villager (Male) |
| 2:28 | Investigar | Loom |
| 2:38 | Crear | Villager (Male) |
| 2:38 | Crear | Villager (Male) |
| 3:08 | Crear | Villager (Male) |
| 3:08 | Crear | Villager (Male) |
| 3:27 | Investigar | Loom |
| 3:27 | Investigar | Loom |
| 3:41 | Crear | Villager (Male) |
| 3:42 | Crear | Villager (Male) |
| 3:58 | Construir | House |
| 4:52 | Crear | Villager (Male) |
| 4:52 | Crear | Villager (Male) |
| 4:52 | Crear | Villager (Male) |
| 4:53 | Crear | Villager (Male) |
| 4:53 | Crear | Villager (Male) |
| 5:26 | Crear | Villager (Male) |
| 5:26 | Crear | Villager (Male) |
| 5:27 | Crear | Villager (Male) |
| 5:42 | Crear | Villager (Male) |
| 5:42 | Crear | Villager (Male) |
| 5:56 | Construir | House |
| 6:25 | Construir | Palisade Wall |
| 6:31 | Construir | Palisade Wall |
| 6:39 | Crear | Villager (Male) |
| 6:39 | Crear | Villager (Male) |
| 6:40 | Crear | Villager (Male) |
| 6:42 | Crear | Villager (Male) |
| 7:06 | Construir | Barracks |
| 7:09 | Construir | House |
| 7:24 | Crear | Villager (Male) |
| 7:24 | Crear | Villager (Male) |
| 7:53 | Crear | Villager (Male) |
| 7:53 | Crear | Villager (Male) |
| 7:58 | Construir | House |
| 8:36 | Construir | Mining Camp |
| 8:38 | Crear | Militia |
| 8:38 | Crear | Militia |
| 8:58 | Crear | Villager (Male) |
| 9:31 | Construir | House |
| 9:34 | Construir | Mining Camp |
| 9:56 | Crear | Villager (Male) |
| 10:03 | Construir | House |
| 10:14 | Construir | Mill |
| 10:26 | Crear | Militia |
| 10:26 | Crear | Militia |
| 10:27 | Crear | Militia |
| 10:46 | Crear | Villager (Male) |
| 11:06 | Construir | Mining Camp |
| 11:28 | Crear | Villager (Male) |
| 11:37 | Construir | Farm |
| 11:39 | Construir | Farm |
| 11:40 | Construir | Farm |
| 11:43 | Construir | Farm |
| 11:44 | Construir | Farm |
| 11:47 | Construir | Farm |
| 11:51 | Crear | Villager (Male) |
| 12:03 | Crear | Militia |
| 12:20 | Construir | Farm |
| 12:22 | Construir | Farm |
| 12:30 | Crear | Villager (Male) |
| 12:48 | Crear | Villager (Male) |
| 12:54 | Construir | House |
| 13:12 | Crear | Villager (Male) |
| 13:26 | Construir | House |
| 13:39 | Crear | Villager (Male) |
| 13:56 | Construir | Farm |
| 14:15 | Investigar | Feudal Age |
| 14:15 | Investigar | Feudal Age |
| 14:30 | Construir | Lumber Camp |
| 16:17 | Crear | Villager (Male) |
| 16:17 | Crear | Villager (Male) |
| 16:36 | Construir | Market |
| 16:47 | Construir | Blacksmith |
| 16:53 | Investigar | Man-at-Arms (upgrade) |
| 17:22 | Construir | Farm |
| 17:23 | Construir | Farm |
| 17:24 | Crear | Villager (Male) |
| 18:14 | Crear | Villager (Male) |
| 18:17 | Crear | Villager (Male) |
| 18:43 | Construir | Market |
| 18:44 | Crear | Villager (Male) |
| 18:47 | Construir | Farm |
| 19:07 | Crear | Villager (Male) |
| 19:07 | Crear | Villager (Male) |
| 19:10 | Construir | Farm |
| 19:25 | Investigar | Double-Bit Axe |
| 19:32 | Investigar | Horse Collar |
| 19:33 | Crear | Villager (Male) |
| 19:38 | Construir | Farm |
| 19:53 | Construir | Lumber Camp |
| 20:19 | Investigar | Castle Age |
| 20:50 | Construir | House |
| 20:50 | Construir | House |
| 20:51 | Construir | House |
| 20:51 | Construir | House |
| 20:51 | Construir | House |
| 20:51 | Construir | House |
| 20:52 | Construir | House |
| 20:52 | Construir | House |
| 21:39 | Construir | Stone Wall |
| 21:48 | Construir | Stone Wall |
| 23:05 | Construir | Castle |
| 23:09 | Crear | Villager (Male) |
| 23:09 | Crear | Villager (Male) |
| 23:09 | Crear | Villager (Male) |
| 23:09 | Crear | Villager (Male) |
| 23:18 | Construir | Town Center |
| 23:28 | Construir | Town Center |
| 23:54 | Investigar | Bow Saw |
| 23:54 | Investigar | Bow Saw |
| 23:59 | Construir | House |
| 24:02 | Construir | House |
| 24:03 | Construir | House |
| 24:04 | Construir | House |
| 24:06 | Crear | Villager (Male) |
| 24:06 | Crear | Villager (Male) |
| 24:06 | Crear | Villager (Male) |
| 24:08 | Crear | Villager (Male) |
| 24:54 | Crear | Villager (Male) |
| 24:54 | Crear | Villager (Male) |
| 24:54 | Crear | Villager (Male) |
| 25:05 | Construir | Farm |
| 25:06 | Crear | Villager (Male) |
| 25:06 | Crear | Villager (Male) |
| 25:07 | Crear | Villager (Male) |
| 25:10 | Investigar | Fletching |
| 25:10 | Investigar | Padded Archer Armor |
| 25:11 | Investigar | Scale Mail Armor |
| 25:18 | Crear | Villager (Male) |
| 25:18 | Crear | Villager (Male) |
| 25:18 | Crear | Villager (Male) |
| 25:19 | Crear | Villager (Male) |
| 25:23 | Construir | Farm |
| 25:25 | Construir | Farm |
Build order — Kingver Xie
Primeras 150 de 547 acciones detectadas
| 0:08 | Construir | House |
| 0:09 | Construir | House |
| 0:11 | Construir | House |
| 0:12 | Crear | Villager (Male) |
| 0:12 | Crear | Villager (Male) |
| 0:13 | Crear | Villager (Male) |
| 0:43 | Crear | Villager (Male) |
| 1:42 | Crear | Villager (Male) |
| 1:43 | Crear | Villager (Male) |
| 2:24 | Construir | Lumber Camp |
| 2:28 | Crear | Villager (Male) |
| 2:28 | Crear | Villager (Male) |
| 2:28 | Crear | Villager (Male) |
| 3:10 | Crear | Villager (Male) |
| 3:10 | Crear | Villager (Male) |
| 3:10 | Crear | Villager (Male) |
| 3:59 | Crear | Villager (Male) |
| 3:59 | Crear | Villager (Male) |
| 4:00 | Crear | Villager (Male) |
| 4:26 | Crear | Villager (Male) |
| 4:26 | Crear | Villager (Male) |
| 4:39 | Construir | Mill |
| 4:44 | Investigar | Loom |
| 4:44 | Investigar | Loom |
| 5:18 | Crear | Villager (Male) |
| 6:08 | Crear | Villager (Male) |
| 6:15 | Crear | Villager (Male) |
| 6:15 | Crear | Villager (Male) |
| 6:15 | Crear | Villager (Male) |
| 6:25 | Construir | House |
| 7:20 | Crear | Villager (Male) |
| 7:33 | Crear | Villager (Male) |
| 7:51 | Crear | Villager (Male) |
| 8:52 | Construir | Mill |
| 8:58 | Crear | Villager (Male) |
| 9:05 | Investigar | Feudal Age |
| 10:36 | Construir | Farm |
| 10:39 | Construir | Farm |
| 10:52 | Construir | Farm |
| 10:55 | Construir | Farm |
| 11:33 | Crear | Villager (Male) |
| 11:33 | Crear | Villager (Male) |
| 11:44 | Construir | Mining Camp |
| 12:00 | Crear | Villager (Male) |
| 12:05 | Construir | House |
| 12:07 | Construir | House |
| 12:11 | Crear | Villager (Male) |
| 12:11 | Crear | Villager (Male) |
| 12:35 | Construir | Stone Wall |
| 12:37 | Construir | Stone Wall |
| 12:55 | Construir | Building 487 |
| 13:03 | Construir | Stone Wall |
| 14:22 | Crear | Villager (Male) |
| 14:23 | Crear | Villager (Male) |
| 14:23 | Crear | Villager (Male) |
| 14:24 | Crear | Villager (Male) |
| 14:34 | Construir | Stone Wall |
| 15:46 | Construir | Mining Camp |
| 15:49 | Investigar | Castle Age |
| 16:53 | Construir | Watch Tower |
| 17:12 | Construir | Farm |
| 17:14 | Construir | Farm |
| 17:17 | Construir | Farm |
| 17:21 | Construir | Farm |
| 17:46 | Construir | Market |
| 18:11 | Construir | Watch Tower |
| 18:18 | Construir | Stone Wall |
| 18:36 | Construir | Stone Wall |
| 18:47 | Construir | Stone Wall |
| 19:04 | Crear | Villager (Male) |
| 19:07 | Crear | Villager (Male) |
| 19:15 | Construir | Town Center |
| 19:17 | Crear | Villager (Male) |
| 19:18 | Crear | Villager (Male) |
| 19:18 | Crear | Villager (Male) |
| 19:18 | Crear | Villager (Male) |
| 19:21 | Construir | Farm |
| 19:45 | Construir | Stone Wall |
| 20:01 | Construir | Stone Wall |
| 20:19 | Construir | Building 673 |
| 20:49 | Crear | Villager (Male) |
| 20:49 | Crear | Villager (Male) |
| 20:49 | Crear | Villager (Male) |
| 20:49 | Crear | Villager (Male) |
| 20:49 | Crear | Villager (Male) |
| 20:49 | Crear | Villager (Male) |
| 20:49 | Crear | Villager (Male) |
| 20:49 | Crear | Villager (Male) |
| 20:50 | Crear | Villager (Male) |
| 20:50 | Crear | Villager (Male) |
| 21:00 | Construir | Stone Wall |
| 21:29 | Crear | Villager (Male) |
| 21:31 | Construir | Farm |
| 21:33 | Crear | Villager (Male) |
| 21:33 | Crear | Villager (Male) |
| 21:34 | Crear | Villager (Male) |
| 21:44 | Construir | Town Center |
| 21:52 | Construir | House |
| 22:22 | Construir | Stone Wall |
| 22:26 | Construir | Stone Wall |
| 22:43 | Construir | Stone Wall |
| 23:02 | Construir | Mining Camp |
| 23:07 | Construir | House |
| 23:12 | Construir | House |
| 23:13 | Construir | House |
| 23:19 | Crear | Villager (Male) |
| 23:28 | Crear | Villager (Male) |
| 23:28 | Crear | Villager (Male) |
| 23:29 | Crear | Villager (Male) |
| 23:30 | Crear | Villager (Male) |
| 23:30 | Crear | Villager (Male) |
| 23:41 | Crear | Villager (Male) |
| 23:42 | Crear | Villager (Male) |
| 23:42 | Crear | Villager (Male) |
| 23:42 | Crear | Villager (Male) |
| 23:43 | Crear | Villager (Male) |
| 24:03 | Construir | Farm |
| 24:06 | Construir | Farm |
| 24:15 | Construir | Farm |
| 24:30 | Construir | House |
| 24:32 | Construir | House |
| 24:33 | Construir | House |
| 24:36 | Construir | House |
| 24:41 | Construir | Farm |
| 24:41 | Construir | Farm |
| 24:41 | Construir | Farm |
| 24:42 | Construir | Farm |
| 24:42 | Construir | Farm |
| 24:42 | Construir | Farm |
| 25:08 | Construir | Farm |
| 25:20 | Investigar | Double-Bit Axe |
| 25:23 | Construir | House |
| 25:24 | Construir | House |
| 25:26 | Construir | House |
| 25:40 | Construir | Farm |
| 25:43 | Construir | Farm |
| 26:06 | Construir | Farm |
| 26:07 | Construir | Farm |
| 26:10 | Construir | Farm |
| 26:18 | Crear | Villager (Male) |
| 26:19 | Crear | Villager (Male) |
| 26:19 | Crear | Villager (Male) |
| 26:24 | Investigar | Horse Collar |
| 26:24 | Investigar | Horse Collar |
| 26:40 | Construir | University |
| 27:07 | Construir | Farm |
| 27:15 | Construir | Mining Camp |
| 27:28 | Construir | Castle |
| 27:35 | Investigar | Fortified Wall (upgrade) |
| 27:42 | Crear | Villager (Male) |
Build order — Scht eeke
138 acciones detectadas en el replay
| 0:01 | Crear | Villager (Male) |
| 0:01 | Crear | Villager (Male) |
| 0:04 | Construir | House |
| 0:13 | Construir | House |
| 0:27 | Investigar | Loom |
| 0:28 | Crear | Villager (Male) |
| 0:29 | Crear | Villager (Male) |
| 0:29 | Crear | Villager (Male) |
| 0:29 | Crear | Villager (Male) |
| 1:37 | Crear | Villager (Male) |
| 1:37 | Crear | Villager (Male) |
| 2:16 | Crear | Villager (Male) |
| 2:16 | Crear | Villager (Male) |
| 2:27 | Crear | Villager (Male) |
| 2:27 | Crear | Villager (Male) |
| 3:02 | Construir | Lumber Camp |
| 3:04 | Crear | Villager (Male) |
| 3:05 | Crear | Villager (Male) |
| 3:05 | Crear | Villager (Male) |
| 3:19 | Construir | House |
| 3:22 | Construir | House |
| 3:39 | Crear | Villager (Male) |
| 3:39 | Crear | Villager (Male) |
| 3:52 | Crear | Villager (Male) |
| 3:53 | Crear | Villager (Male) |
| 4:25 | Crear | Villager (Male) |
| 4:25 | Crear | Villager (Male) |
| 5:13 | Crear | Villager (Male) |
| 5:13 | Crear | Villager (Male) |
| 5:13 | Crear | Villager (Male) |
| 5:50 | Construir | Mill |
| 6:01 | Crear | Villager (Male) |
| 6:02 | Crear | Villager (Male) |
| 6:02 | Crear | Villager (Male) |
| 6:49 | Crear | Villager (Male) |
| 6:49 | Crear | Villager (Male) |
| 7:05 | Construir | House |
| 7:06 | Construir | House |
| 7:07 | Construir | House |
| 7:08 | Construir | House |
| 7:08 | Construir | House |
| 7:33 | Crear | Villager (Male) |
| 7:33 | Crear | Villager (Male) |
| 7:33 | Crear | Villager (Male) |
| 8:01 | Crear | Villager (Male) |
| 8:01 | Crear | Villager (Male) |
| 8:20 | Construir | Mining Camp |
| 8:29 | Construir | Mining Camp |
| 8:37 | Crear | Villager (Male) |
| 8:38 | Crear | Villager (Male) |
| 9:03 | Crear | Villager (Male) |
| 9:04 | Crear | Villager (Male) |
| 9:59 | Crear | Villager (Male) |
| 10:51 | Crear | Villager (Male) |
| 11:28 | Investigar | Feudal Age |
| 11:28 | Investigar | Feudal Age |
| 11:43 | Construir | Farm |
| 12:03 | Construir | Lumber Camp |
| 12:46 | Crear | Villager (Male) |
| 12:46 | Crear | Villager (Male) |
| 13:07 | Construir | House |
| 13:08 | Construir | House |
| 13:09 | Construir | House |
| 13:10 | Construir | House |
| 13:11 | Construir | House |
| 13:16 | Construir | House |
| 13:40 | Construir | Blacksmith |
| 13:49 | Crear | Villager (Male) |
| 13:49 | Crear | Villager (Male) |
| 13:54 | Construir | Market |
| 13:59 | Construir | Market |
| 14:10 | Construir | Market |
| 14:14 | Construir | Market |
| 14:36 | Crear | Villager (Male) |
| 14:43 | Investigar | Horse Collar |
| 14:50 | Investigar | Double-Bit Axe |
| 14:53 | Crear | Villager (Male) |
| 15:56 | Construir | Farm |
| 15:57 | Construir | Farm |
| 16:00 | Construir | Farm |
| 16:00 | Crear | Villager (Male) |
| 16:29 | Crear | Villager (Male) |
| 16:43 | Construir | Farm |
| 17:01 | Investigar | Castle Age |
| 17:15 | Construir | Farm |
| 17:16 | Construir | Farm |
| 17:17 | Construir | Farm |
| 17:18 | Construir | Farm |
| 17:40 | Construir | Farm |
| 17:52 | Crear | Villager (Male) |
| 19:57 | Construir | Town Center |
| 20:05 | Construir | Town Center |
| 20:17 | Construir | Town Center |
| 20:27 | Investigar | Bow Saw |
| 20:28 | Investigar | Heavy Plow |
| 20:31 | Investigar | Wheelbarrow |
| 20:32 | Crear | Villager (Male) |
| 20:33 | Crear | Villager (Male) |
| 20:42 | Construir | Monastery |
| 21:00 | Crear | Villager (Male) |
| 21:00 | Crear | Villager (Male) |
| 21:37 | Construir | Castle |
| 21:44 | Construir | Lumber Camp |
| 21:46 | Crear | Villager (Male) |
| 21:47 | Crear | Villager (Male) |
| 22:04 | Crear | Villager (Male) |
| 22:09 | Crear | Monk |
| 22:25 | Crear | Villager (Male) ×2 |
| 22:25 | Crear | Villager (Male) ×2 |
| 22:41 | Construir | Farm |
| 22:42 | Construir | Farm |
| 22:43 | Construir | Farm |
| 22:44 | Construir | Farm |
| 22:45 | Construir | Farm |
| 22:53 | Crear | Villager (Male) |
| 22:53 | Crear | Villager (Male) ×2 |
| 22:53 | Crear | Villager (Male) |
| 23:19 | Crear | Villager (Male) |
| 23:19 | Crear | Villager (Male) |
| 23:23 | Construir | Farm |
| 23:27 | Crear | Villager (Male) |
| 23:27 | Crear | Villager (Male) |
| 23:36 | Construir | Farm |
| 23:37 | Construir | Farm |
| 23:38 | Construir | Farm |
| 23:39 | Construir | Farm |
| 23:40 | Construir | Farm |
| 23:41 | Construir | Farm |
| 23:42 | Construir | Farm |
| 23:43 | Construir | Farm |
| 23:45 | Construir | Farm |
| 24:11 | Crear | Villager (Male) ×3 |
| 24:11 | Crear | Villager (Male) ×3 |
| 24:21 | Crear | Villager (Male) |
| 24:21 | Crear | Villager (Male) |
| 24:35 | Crear | Monk |
| 24:54 | Crear | Villager (Male) ×4 |
| 24:54 | Crear | Villager (Male) ×4 |
Cronología de la partida
| 3:58 | lajay · wall_segment Palisade Wall x5 |
| 4:27 | lajay · wall_segment Palisade Wall x29 |
| 5:06 | lajay · wall_segment Palisade Wall x9 |
| 6:25 | Souzirou · wall_segment Palisade Wall x1 |
| 6:30 | lajay · wall_segment Palisade Wall x1 |
| 6:31 | Souzirou · wall_segment Palisade Wall x1 |
| 6:42 | lajay · wall_segment Palisade Wall x1 |
| 7:06 | Souzirou · first_building Barracks |
| 7:23 | lajay · wall_segment Palisade Wall x11 |
| 7:31 | lajay · wall_segment Palisade Wall x12 |
| 10:41 | lajay · wall_segment Palisade Wall x7 |
| 11:32 | lajay · first_building Barracks |
| 11:57 | lajay · wall_segment Palisade Wall x7 |
| 12:06 | lajay · wall_segment Palisade Wall x7 |
| 12:35 | Kingver Xie · wall_segment Stone Wall x8 |
| 12:37 | Kingver Xie · wall_segment Stone Wall x1 |
| 12:59 | 2487664814 · first_building Barracks |
| 13:03 | Kingver Xie · wall_segment Stone Wall x16 |
| 14:00 | roni105 · wall_segment Stone Wall x26 |
| 14:34 | Kingver Xie · wall_segment Stone Wall x1 |
| 14:39 | 2487664814 · first_building Stable |
| 16:31 | roni105 · wall_segment Stone Wall x26 |
| 17:06 | 2487664814 · wall_segment Stone Wall x19 |
| 17:27 | Wind · first_market_buy 100 food |
| 18:18 | Kingver Xie · wall_segment Stone Wall x1 |
| 18:36 | Kingver Xie · wall_segment Stone Wall x1 |
| 18:47 | Kingver Xie · wall_segment Stone Wall x1 |
| 19:23 | CorpOSK · first_market_buy 100 stone |
| 19:45 | Kingver Xie · wall_segment Stone Wall x7 |
| 19:48 | roni105 · first_market_buy 100 food |
| 19:57 | Souzirou · first_market_buy 100 food |
| 20:01 | Kingver Xie · wall_segment Stone Wall x10 |
| 20:16 | Souzirou · first_market_sell 100 wood |
| 20:42 | Scht eeke · first_building Monastery |
| 21:00 | Kingver Xie · wall_segment Stone Wall x2 |
| 21:17 | roni105 · wall_segment Stone Wall x1 |
| 21:37 | Scht eeke · first_building Castle |
| 21:38 | roni105 · wall_segment Palisade Wall x1 |
| 21:39 | Souzirou · wall_segment Stone Wall x1 |
| 21:43 | CorpOSK · first_market_sell 100 food |
| 21:44 | roni105 · wall_segment Palisade Wall x1 |
| 21:44 | roni105 · wall_segment Palisade Wall x1 |
| 21:46 | roni105 · wall_segment Palisade Wall x1 |
| 21:47 | roni105 · wall_segment Palisade Wall x1 |
| 21:48 | Souzirou · wall_segment Stone Wall x2 |
| 21:48 | roni105 · wall_segment Palisade Wall x1 |
| 21:52 | roni105 · wall_segment Palisade Wall x1 |
| 21:53 | roni105 · wall_segment Palisade Wall x1 |
| 21:54 | roni105 · wall_segment Palisade Wall x1 |
| 22:03 | roni105 · wall_segment Stone Wall x1 |
| 22:08 | Scht eeke · first_market_sell 100 wood |
| 22:22 | Kingver Xie · wall_segment Stone Wall x1 |
| 22:26 | Kingver Xie · wall_segment Stone Wall x1 |
| 22:43 | Kingver Xie · wall_segment Stone Wall x1 |
| 23:04 | 2487664814 · wall_segment Stone Wall x8 |
| 23:05 | Souzirou · first_building Castle |
| 23:08 | 2487664814 · wall_segment Stone Wall x9 |
| 23:15 | 2487664814 · wall_segment Stone Wall x6 |
| 23:36 | roni105 · first_market_sell 100 wood |
| 25:23 | Scht eeke · resign |
| 25:50 | CorpOSK · first_building Barracks |
| 26:07 | roni105 · first_building Barracks |
| 26:58 | roni105 · first_building Archery Range |
| 26:58 | CorpOSK · first_building Castle |
| 27:14 | CorpOSK · first_building Siege Workshop |
| 27:17 | 2487664814 · first_building Monastery |
| 27:18 | Wind · first_building Monastery |
| 27:28 | Kingver Xie · first_building Castle |
| 27:50 | roni105 · wall_segment Stone Wall x1 |
| 27:52 | roni105 · wall_segment Stone Wall x1 |
| 28:53 | roni105 · first_building Siege Workshop |
| 29:04 | roni105 · wall_segment Stone Wall x1 |
| 29:09 | CorpOSK · first_building Archery Range |
| 29:18 | roni105 · wall_segment Palisade Wall x1 |
| 29:20 | roni105 · wall_segment Palisade Wall x1 |
| 29:22 | roni105 · wall_segment Palisade Wall x1 |
| 29:24 | roni105 · wall_segment Palisade Wall x1 |
| 29:33 | Kingver Xie · wall_segment Palisade Wall x2 |
| 29:36 | Kingver Xie · wall_segment Palisade Wall x2 |
| 29:45 | Wind · first_building Castle |
| 29:57 | 2487664814 · first_building Castle |
| 30:06 | roni105 · first_building Castle |
| 31:07 | Wind · first_building Siege Workshop |
| 31:27 | CorpOSK · wall_segment Stone Wall x31 |
| 32:02 | Wind · first_building Barracks |
| 32:03 | lajay · first_building Archery Range |
| 32:07 | Kingver Xie · first_building Stable |
| 32:14 | 2487664814 · first_building Archery Range |
| 34:07 | Kingver Xie · first_market_buy 100 food |
| 35:13 | Wind · first_market_sell 100 food |
| 35:17 | lajay · first_building Siege Workshop |
| 36:15 | lajay · first_building Monastery |
| 37:59 | 2487664814 · first_building Siege Workshop |
| 38:22 | Kingver Xie · first_building Barracks |
| 38:38 | lajay · first_building Castle |
| 39:04 | Kingver Xie · tribute_sent a jugador 1 |
| 39:04 | Kingver Xie · tribute_sent a jugador 2 |
| 39:04 | Kingver Xie · tribute_sent a jugador 3 |
| 39:04 | Kingver Xie · tribute_sent a jugador 4 |
| 39:04 | Kingver Xie · tribute_sent a jugador 5 |
| 39:04 | Kingver Xie · tribute_sent a jugador 6 |
| 39:04 | Kingver Xie · tribute_sent a jugador 8 |
| 42:22 | Kingver Xie · wall_segment Stone Wall x2 |
| 42:57 | CorpOSK · first_building Stable |
| 47:54 | 2487664814 · first_market_sell 500 wood |
| 49:26 | roni105 · first_building Monastery |
| 50:17 | lajay · first_market_buy 100 wood |
| 55:00 | lajay · wall_segment Stone Wall x18 |
| 55:14 | Kingver Xie · first_market_sell 100 wood |
[ ANÁLISIS IA · 1 CRÉDITO ]
¿Qué pasó realmente en esta partida?
Wolo.gg analiza cada decisión: build order, eco, micro, errores típicos por bracket. Análisis personalizado por WhatsApp o Discord en 30 segundos.
Guía civ
Bohemios
Guía mapa
Amazon Tunnel
Perfil
lajay